 Dungeon Crawl Stone Soup version 0.28-a0-1447-ga5a8893891 (webtiles) character file.

Game seed: 5876931805182295121

52 croobank the Insei (level 3, -2/29 HPs)
             Began as a Draconian Transmuter on Jan 11, 2022.
             Slain by a goblin (3 damage)
             ... led by Robin
             ... on level 2 of the Dungeon.
             The game lasted 00:07:41 (1783 turns).

croobank the Insei (Draconian Transmuter)           Turns: 1783, Time: 00:07:42

Health: -2/29      AC:  5    Str: 12    XL:     3   Next: 60%
Magic:  2/6        EV: 12    Int: 13    God:
Gold:   2          SH:  0    Dex: 13    Spells: 3/6 levels left

rFire   . . .      SeeInvis .   d - +0 mace
rCold   . . .      Faith    .   (no shield)
rNeg    . . .      Spirit   .   (armour unavailable)
rPois   .          Reflect  .   (helmet currently unavailable)
rElec   .          Harm     .   (no cloak)
rCorr   .          Rampage  .   (no gloves)
Will    .....                   (boots currently unavailable)
Stlth   +.........              a - amulet of the acrobat
HPRegen 0.09/turn               (no ring)
MPRegen 0.10/turn               (no ring)

@: appendages (expiring), wereblooded
A: horns 2, talons 2, AC +5, unfitting armour, cold-blooded
a: End Transformation


You were on level 2 of the Dungeon.
You had temporarily grown beastly horns and talons.
You visited 1 branch of the dungeon, and saw 2 of its levels.

You collected 2 gold pieces.

Inventory:

Hand Weapons
 d - a +0 mace (weapon)
 k - a +0 whip
Missiles
 f - 27 stones
 g - 4 boomerangs (quivered)
 h - 25 bolts
Jewellery
 a - an amulet of the acrobat (around neck)
Scrolls
 b - 2 scrolls of identify {unknown}
 c - a scroll of vulnerability {unknown}
 i - a scroll of amnesia {unknown}
Potions
 e - a potion of ambrosia {unknown}
 j - a potion of lignification {unknown}
 l - a potion of magic {unknown}
 m - a potion of degeneration {unknown}


   Skills:
 + Level 2.1 Fighting
 + Level 0.1 Maces & Flails
 + Level 2.2 Dodging
 - Level 3.3 Unarmed Combat
 + Level 2.4 Spellcasting
 + Level 2.4 Transmutations


You had 3 spell levels left.
You knew the following spells:

 Your Spells              Type           Power      Damage    Failure   Level
a - Beastly Appendage     Tmut           14%        N/A       9%          1
b - Wereblood             Tmut           7%         N/A       14%         2

Your spell library contained the following spells:

 Spells                   Type           Power      Damage    Failure   Level
 Spider Form              Tmut/Pois      4%         N/A       41%         3
 Ice Form                 Ice/Tmut       4%         N/A       82%         4


Dungeon Overview and Level Annotations

Branches:
Dungeon (2/15)

Altars:

Shops:
D:1 *(

Annotations:
D:2 Robin


Innate Abilities, Weirdness & Mutations

You have temporarily grown beastly horns and talons.
Your plain brown scales are hard. (AC +5)
You cannot fit into any form of body armour.
You are cold-blooded and may be slowed by cold attacks.


Message History

The goblins go into a battle-frenzy!
You hit the goblin.
You feel a bit better.
You kill the goblin!
The goblin barely misses you. The goblin closely misses you.
Robin throws the goblin at you! The goblin closely misses you.
The goblin hits you with a +0 dagger.
You hit the goblin.
The goblin is severely wounded.
The goblin hits you with a +0 club. Robin throws the goblin at you!
The goblin barely misses you. x3; The goblin hits you with a +0 club.
You barely miss the goblin. Your kick misses the goblin.
Your tail-slap misses the goblin.
The goblin is severely wounded.
Your transformation is almost over.
The goblin barely misses you. The goblin completely misses you.
The goblin barely misses you. The goblin closely misses you.
The goblin barely misses you. The goblin hits you but does no damage.
You sock the goblin!
You feel a bit better.
You kill the goblin!
The goblin barely misses you.
Robin zaps a wand.
Some rock shatters into small pieces.
The goblin closely misses you. The goblin hits you with a +0 club.
You closely miss the goblin. The goblin misses you.
The goblin hits you with a +0 dagger. The goblin barely misses you.
The goblin hits you with a +0 club.
You thump the goblin!
You feel a bit better.
You kill the goblin!
The goblin hits you but does no damage. The goblin hits you with a +0 dagger.
The goblin barely misses you. Robin throws the goblin at you!
The goblin hits you with a +0 dagger. x2
* * * LOW HITPOINT WARNING * * *
You thump Robin!
Robin is heavily wounded.
The goblin hits you but does no damage. Robin hits you but does no damage.
The goblin hits you but does no damage. The goblin hits you with a +0 dagger.
* * * LOW HITPOINT WARNING * * *
The goblin hits you with a +0 dagger.
* * * LOW HITPOINT WARNING * * *
The goblin hits you with a +0 club.
You die...

#.....................
##..................##.
............>.......<.
##.###..##.............
#...##..##..........#..
#...#...####.#####....
#....#.####.### ####.
#.g.#......... .
#g@g......... .
##gg......... .
#g..........
#...........
#..#........
#.?.........
#.....###... #.....#
.## #..g...


You could see Robin, a hobgoblin (strong) and 4 goblins.

Vanquished Creatures
  A gnoll (D:1)
  A dart slug (D:1)
  3 endoplasms (D:1)
  A giant cockroach (D:1)
  4 goblins
  6 hobgoblins
  5 jackals (D:1)
  4 quokkas (D:1)
  2 ball pythons (D:1)
  A bat (D:1)
  A frilled lizard (D:1)
  3 kobolds
  3 rats (D:1)
35 creatures vanquished.

Notes
Turn   | Place    | Note
-------+----------+-------------------------------------------
     0 | D:1      | croobank the Draconian Transmuter began the quest for the
                  | Orb.
     0 | D:1      | Reached XP level 1. HP: 16/16 MP: 3/3
   320 | D:1      | Reached XP level 2. HP: 18/23 MP: 3/5
   323 | D:1      | Learned a level 2 spell: Wereblood
   455 | D:1      | Found a faded altar of an unknown god.
   666 | D:1      | Reached XP level 3. HP: 29/29 MP: 4/6
   729 | D:1      | Found Opania's Weapon Shop.
  1205 | D:1      | Found Faukh's General Store.
  1763 | D:2      | Noticed Robin
  1783 | D:2      | HP: 1/29 [goblin[Robin] (5)]
  1783 | D:2      | Slain by a goblin

Illustrated notes

Levels and vault maps discovered:
D:1:      matt_arrival_debris, layout_basic,
          hellmonk_ecumenical_altar_slurped_away, serial_shops,
          nicolae_square_shop, shop, minmay_pentomino_u2
D:2:      layout_rooms, due_unseen_surprise, uniq_robin

Skill      XL: |  1  2  3 |
---------------+----------+-----
Dodging        | 2 |  2.2
Fighting       | 2 |  2.1
Maces & Flails | |  0.1
Unarmed Combat | |  3.3
Spellcasting   | |  2.4
Transmutations | |  2.4

Action                   || total
-------------------------++-------
Melee: Unarmed           ||    15
       Mace              ||    73
       Kick              ||    11
       Tailslap          ||     2
       Headbutt          ||     7
       Punch             ||     1
 Cast: Beastly Appendage ||    27
       Wereblood         ||     2
 Stab: Sleeping          ||     1
Armor: Skin              ||    37
Dodge: Dodged            ||    76

Table legend: (Time is in decaauts)
 A = Elapsed time spent in this place.
 B = Non-inter-level travel time spent in this place.
 C = Inter-level travel time spent in this place.
 D = Time resting spent in this place.
 E = Time spent auto-exploring this place.
 F = Levels seen in this place.
 G = Mean time per level.
                   A        B        C        D        E       F      G
               +--------+--------+--------+--------+--------+-----+--------+
         Total |   1810 |   1747 |     63 |    241 |   1097 |   2 |  905.0 |
       Dungeon |   1810 |   1747 |     63 |    241 |   1097 |   2 |  905.0 |
               +--------+--------+--------+--------+--------+-----+--------+

Top non-repeatable levels by time:
     D:1: 1594 daAuts
     D:2: 216 daAuts
